Eagles vs Marlies
Created - June 22, 2022 at 20:34
Goals
|
| Eagles |
2 |
2 |
1 |
5 |
| Marlies |
1 |
1 |
0 |
2 |
|
Shots
|
| Eagles |
6 |
12 |
4 |
22 |
| Marlies |
15 |
9 |
16 |
40 |
|
1st period
1. Eagles , Tomas Tatar 33 (Anthony Duclair 22) at 10:21
2. Marlies , Tyler Bertuzzi 45 (Lucas Carlsson 13, Linden Vey 36) at 17:16
3. Eagles , Jonathan Marchessault 29 (Daniel Carr 46) at 18:45
Penalties :
No Penalty
2nd period
4. Eagles , John Ramage 2 (Drake Caggiula 45, Tomas Tatar 34) at 3:04 (PP)
5. Marlies , Nick Ritchie 66 (Linden Vey 37, Colton Sissons 27) at 8:16 (PP)
6. Eagles , John Ramage 3 (Stefan Elliott 51, Jared McCann 20) at 19:49
Penalties :
Colton Sissons (Tor) for Holding (Minor) at 1:36, Xavier Ouellet (Col) for Holding (Minor) at 4:25, Drake Caggiula (Col) for Holding (Minor) at 6:57, Nicholas Baptiste (Tor) for Hooking (Minor) at 8:28
3rd period
7. Eagles , Tomas Tatar 34 (Anthony Duclair 23) at 17:52
Penalties :
Connor Carrick (Col) for High sticking (Minor) at 6:49, Nicholas Baptiste (Tor) for Holding (Minor) at 17:57
Goalie Stats
Adin Hill (Col), 38 saves from 40 shots - (0.950), W, 1-0-0, 60:00 minutes
Charlie Lindgren (Tor), 3 saves from 4 shots - (0.750), 20:11 minutes
Malcolm Subban (Tor), 14 saves from 18 shots - (0.778), L, 27-18-7, 39:49 minutes
Players Stats for Eagles
Player Name G A P +/- PIM S H SB GA TA FO MP PP MP PK MP
------------------------------------------------------------------------------------
Anthony Duclair 0 2 2 2 0 0 0 0 1 1 2/2 20:41 2:27 0:36
Connor Carrick 0 0 0 1 2 1 0 1 0 1 0/0 17:23 1:39 1:25
Daniel Carr 0 1 1 1 0 1 0 2 1 3 3/5 24:32 2:59 3:03
Drake Caggiula 0 1 1 2 2 1 1 0 0 1 4/13 18:12 2:27 0:23
Jared McCann 0 1 1 0 0 0 1 1 1 1 1/6 13:59 0:00 0:00
John Ramage 2 0 2 3 0 2 1 1 1 0 0/0 24:35 3:47 2:54
Jonathan Marchessault 1 0 1 1 0 5 2 1 0 0 15/24 21:32 2:59 1:14
Jonathan Racine 0 0 0 0 0 0 0 0 0 0 0/0 9:23 0:00 0:00
Joseph Blandisi 0 0 0 0 0 2 1 1 1 1 0/0 14:42 0:00 0:55
Keaton Middleton 0 0 0 -1 0 0 0 1 0 0 0/0 7:37 0:00 0:12
Max Lajoie 0 0 0 -1 0 0 0 0 0 0 0/0 7:25 0:00 0:00
Nick Cousins 0 0 0 1 0 2 1 0 0 1 0/2 21:32 2:59 1:14
Ryan Murphy 0 0 0 1 0 1 0 1 0 0 0/0 18:37 1:39 2:23
Sam Steel 0 0 0 0 0 0 0 0 0 0 0/0 0:20 0:00 0:00
Stefan Elliott 0 1 1 3 0 4 2 0 1 2 0/0 24:35 3:47 2:54
Tomas Tatar 2 1 3 2 0 3 1 0 1 0 1/1 21:25 2:27 3:09
Tyler Motte 0 0 0 0 0 0 0 1 0 0 1/2 1:57 0:00 0:00
Xavier Ouellet 0 0 0 0 2 0 0 0 0 0 0/0 10:29 0:00 0:46
Zach Aston-Reese 0 0 0 0 0 0 1 1 0 0 2/5 15:44 0:00 0:00
Players Stats for Marlies
Player Name G A P +/- PIM S H SB GA TA FO MP PP MP PK MP
------------------------------------------------------------------------------------
Aleksi Saarela 0 0 0 -1 0 3 3 0 0 0 5/13 17:05 2:35 1:50
Brett Pesce 0 0 0 -2 0 0 2 2 0 0 0/0 19:05 1:52 1:53
Colton Sissons 0 1 1 -2 2 3 3 0 1 0 20/33 20:13 2:42 2:34
Haydn Fleury 0 0 0 -1 0 2 0 2 0 3 0/0 25:39 1:37 3:33
Jakob Forsbacka-Karlsson 0 0 0 0 0 1 1 1 0 0 3/6 10:15 0:00 0:09
Jeff Corbett 0 0 0 0 0 1 0 0 0 1 0/0 15:40 0:00 0:00
Johan Larsson 0 0 0 0 0 3 0 0 0 0 0/0 12:39 0:00 1:06
Linden Vey 0 2 2 -1 0 4 0 0 0 0 0/0 15:11 2:42 0:00
Logan Brown 0 0 0 0 0 1 2 0 0 0 2/3 11:33 0:00 0:00
Lucas Carlsson 0 1 1 0 0 0 0 1 0 0 0/0 14:15 0:00 0:00
Mathieu Olivier 0 0 0 0 0 0 2 0 1 0 0/0 11:33 0:00 0:00
Neal Pionk 0 0 0 -1 0 2 1 1 1 0 0/0 23:18 3:25 1:53
Nicholas Baptiste 0 0 0 -2 4 4 0 0 3 2 0/3 18:35 2:35 0:53
Nick Ritchie 1 0 1 -2 0 3 3 1 4 0 1/2 21:19 2:42 3:39
Tim Erixon 0 0 0 -2 0 0 1 2 0 1 0/0 22:03 3:40 3:33
Tobias Lindberg 0 0 0 0 0 3 1 0 0 0 0/0 10:06 0:00 0:00
Tyler Benson 0 0 0 0 0 3 0 0 1 0 0/0 10:06 0:00 0:00
Tyler Bertuzzi 1 0 1 -1 0 7 0 0 0 0 0/0 15:56 2:35 0:41
3 Stars
1 - Tomas Tatar (Col)
2 - John Ramage (Col)
3 - Adin Hill (Col)
Power Play
Eagles - 1 on 3 Attempt(s) - 33.33%
Marlies - 1 on 3 Attempt(s) - 33.33%
Penalty Kill
Eagles - 2 on 3 Attempt(s) - 66.67%
- Score 0 goal in Penalty Kill
Marlies - 2 on 3 Attempt(s) - 66.67%
- Score 0 goal in Penalty Kill
Team Stat
Eagles - Hits : 11 - Faceoff Wins : 29 - Blocked Shots : 11 - Penalty Minutes : 6
Marlies - Hits : 19 - Faceoff Wins : 31 - Blocked Shots : 10 - Penalty Minutes : 6
Official
Referees : Jean Hebert and Kendrick Nicholson
Linesman : Andrew Smith and Derek Nansen
Game Notes
Charlie Lindgren enters game at 19:49 of 2nd period
Finance
Level 1 -- Attendance: 1786 (89.30%) -- Ticket Income $62,510
Level 2 -- Attendance: 941 (94.10%) -- Ticket Income $14,115
Total Attendance: 2727 (90.90%)
Total Ticket Income: $76,625
Other Income: $3,831
Total Income: $80,456
Eagles
5 vs 5 Forward
Center Left Wing Right Wing Time % Phy DF OF
1 Jonathan Marchessault Daniel Carr Nick Cousins 40 1 2 2
2 Drake Caggiula Tomas Tatar Anthony Duclair 30 1 2 2
3 Jared McCann Joseph Blandisi Zach Aston-Reese 20 1 2 2
4 Zach Aston-Reese Anthony Duclair Daniel Carr 10 1 2 2
5 vs 5 Defense
Defense Defense Time % Phy DF OF
1 Stefan Elliott John Ramage 40 1 2 2
2 Ryan Murphy Connor Carrick 30 1 2 2
3 Jonathan Racine Xavier Ouellet 20 1 2 2
4 Keaton Middleton Max Lajoie 10 1 2 2
PowerPlay Forward
Center Left Wing Right Wing Time % Phy DF OF
1 Jonathan Marchessault Daniel Carr Nick Cousins 60 1 2 2
2 Drake Caggiula Tomas Tatar Anthony Duclair 40 1 2 2
PowerPlay Defense
Defense Defense Time % Phy DF OF
1 Stefan Elliott John Ramage 60 1 2 2
2 Ryan Murphy Connor Carrick 40 1 2 2
Penalty Kill 4 Players Forward
Center Wing Time % Phy DF OF
1 Daniel Carr Tomas Tatar 60 1 2 2
2 Jonathan Marchessault Nick Cousins 40 1 2 2
Penalty Kill 4 Players Defense
Defense Defense Time % Phy DF OF
1 Stefan Elliott John Ramage 60 1 2 2
2 Ryan Murphy Connor Carrick 40 1 2 2
Penalty Kill - 3 Players Forward
Forward Time % Phy DF OF
1 Daniel Carr 60 1 2 2
2 Tomas Tatar 40 1 2 2
Penalty Kill - 3 Players Defense
Defense Defense Time % Phy DF OF
1 Stefan Elliott John Ramage 60 1 2 2
2 Ryan Murphy Connor Carrick 40 1 2 2
4 vs 4 Forward
Center Wing Time % Phy DF OF
1 Daniel Carr Tomas Tatar 60 1 2 2
2 Jonathan Marchessault Nick Cousins 40 1 2 2
4 vs 4 Defense
Defense Defense Time % Phy DF OF
1 Stefan Elliott John Ramage 60 1 2 2
2 Ryan Murphy Connor Carrick 40 1 2 2
Last Minutes Offensive
Center Left Wing Right Wing Defense Defense
Jonathan Marchessault Daniel Carr Nick Cousins Stefan Elliott John Ramage
Last Minutes Defensive
Center Left Wing Right Wing Defense Defense
Jonathan Marchessault Daniel Carr Nick Cousins Stefan Elliott John Ramage
Goaltenders
Starting : Adin Hill
Backup : Marek Mazanek
Extra Forwards
Normal : Tyler Motte, Sam Steel, Joseph Blandisi - PP : Tyler Motte, Sam Steel - PK : Joseph Blandisi
Extra Defensemen
Normal : Jonathan Racine, Xavier Ouellet, Keaton Middleton - PP : Jonathan Racine - PK : Xavier Ouellet, Keaton Middleton
Penalty Shots
Daniel Carr, Tomas Tatar, Jonathan Marchessault, Nick Cousins, Joseph Blandisi
Scratches
Chris Calhan (Healthy), Dominik Kubalik (Healthy), Mark Friedman (Healthy), Matteson Iacopelli (Healthy), Michael Dal Colle (Healthy)
Pius Suter (Healthy), Pascal Laberge (Healthy), Antoine Bibeau (Healthy)
Marlies
5 vs 5 Forward
Center Left Wing Right Wing Time % Phy DF OF
1 Colton Sissons Nick Ritchie Nicholas Baptiste 40 1 2 2
2 Aleksi Saarela Tyler Bertuzzi Linden Vey 30 1 2 2
3 Logan Brown Johan Larsson Mathieu Olivier 20 1 2 2
4 Jakob Forsbacka-Karlsson Tyler Benson Tobias Lindberg 10 1 2 2
5 vs 5 Defense
Defense Defense Time % Phy DF OF
1 Haydn Fleury Neal Pionk 40 1 2 2
2 Tim Erixon Brett Pesce 30 1 2 2
3 Jeff Corbett Lucas Carlsson 20 1 2 2
4 Haydn Fleury Tim Erixon 10 1 2 2
PowerPlay Forward
Center Left Wing Right Wing Time % Phy DF OF
1 Colton Sissons Nick Ritchie Linden Vey 60 1 2 2
2 Aleksi Saarela Tyler Bertuzzi Nicholas Baptiste 40 1 2 2
PowerPlay Defense
Defense Defense Time % Phy DF OF
1 Neal Pionk Tim Erixon 60 1 2 2
2 Haydn Fleury Brett Pesce 40 1 2 2
Penalty Kill 4 Players Forward
Center Wing Time % Phy DF OF
1 Colton Sissons Nick Ritchie 60 1 2 2
2 Aleksi Saarela Tyler Bertuzzi 40 1 2 2
Penalty Kill 4 Players Defense
Defense Defense Time % Phy DF OF
1 Haydn Fleury Tim Erixon 60 1 2 2
2 Neal Pionk Brett Pesce 40 1 2 2
Penalty Kill - 3 Players Forward
Forward Time % Phy DF OF
1 Colton Sissons 60 1 2 2
2 Aleksi Saarela 40 1 2 2
Penalty Kill - 3 Players Defense
Defense Defense Time % Phy DF OF
1 Haydn Fleury Tim Erixon 60 1 2 2
2 Neal Pionk Brett Pesce 40 1 2 2
4 vs 4 Forward
Center Wing Time % Phy DF OF
1 Colton Sissons Nick Ritchie 60 1 2 2
2 Aleksi Saarela Tyler Bertuzzi 40 1 2 2
4 vs 4 Defense
Defense Defense Time % Phy DF OF
1 Haydn Fleury Neal Pionk 60 1 2 2
2 Tim Erixon Brett Pesce 40 1 2 2
Last Minutes Offensive
Center Left Wing Right Wing Defense Defense
Colton Sissons Nick Ritchie Linden Vey Haydn Fleury Tim Erixon
Last Minutes Defensive
Center Left Wing Right Wing Defense Defense
Colton Sissons Nick Ritchie Linden Vey Haydn Fleury Tim Erixon
Goaltenders
Starting : Malcolm Subban
Backup : Charlie Lindgren
Extra Forwards
Normal : Nicholas Baptiste, Johan Larsson, Aleksi Saarela - PP : Nicholas Baptiste, Johan Larsson - PK : Nicholas Baptiste
Extra Defensemen
Normal : Brett Pesce, Jeff Corbett, Lucas Carlsson - PP : Brett Pesce - PK : Brett Pesce, Jeff Corbett
Penalty Shots
Linden Vey, Nick Ritchie, Tyler Bertuzzi, Colton Sissons, Nicholas Baptiste
Scratches
Brycen Martin (Healthy), Dennis Gilbert (Healthy), Henri Ikonen (Healthy), Jaden Lindo (Healthy), Pavel Zacha (Left Leg Injury)
Radovan Bondra (Healthy), Simon Bourque (Healthy), Zack MacEwen (Healthy), Otto Koivula (Healthy), Jamie Phillips (Healthy)
% Time on Ice - Eagles
Lines # - Real PCT - Wanted PCT - Time Play
Normal Forward
1 - 35% - 40% - 17:23
2 - 33% - 30% - 16:10
3 - 28% - 20% - 13:59
4 - 4% - 10% - 1:45
Normal Defense
1 - 36% - 40% - 17:54
2 - 30% - 30% - 14:35
3 - 19% - 20% - 9:23
4 - 15% - 10% - 7:25
PP Forward
1 - 55% - 60% - 2:59
2 - 45% - 40% - 2:27
PP Defense
1 - 70% - 60% - 3:47
2 - 30% - 40% - 1:39
PK Forward
1 - 77% - 60% - 4:03
2 - 23% - 40% - 1:14
PK Defense
1 - 55% - 60% - 2:54
2 - 45% - 40% - 2:23
PK3 Forward
1 - 0% - 60%
2 - 0% - 40%
PK3 Defense
1 - 0% - 60%
2 - 0% - 40%
44 Forward
1 - 0% - 60%
2 - 0% - 40%
44 Defense
1 - 0% - 60%
2 - 0% - 40%
Last Minute Offensive - 0:00
Last Minute Defensive - 0:00
Total
Forward - 60:00
Defense - 60:00
|
% Time on Ice - Marlies
Lines # - Real PCT - Wanted PCT - Time Play
Normal Forward
1 - 30% - 40% - 14:58
2 - 26% - 30% - 12:40
3 - 23% - 20% - 11:33
4 - 20% - 10% - 10:06
Normal Defense
1 - 37% - 40% - 18:19
2 - 29% - 30% - 14:32
3 - 29% - 20% - 14:15
4 - 4% - 10% - 2:11
PP Forward
1 - 51% - 60% - 2:42
2 - 49% - 40% - 2:35
PP Defense
1 - 74% - 60% - 3:55
2 - 26% - 40% - 1:22
PK Forward
1 - 87% - 60% - 4:45
2 - 13% - 40% - 0:41
PK Defense
1 - 65% - 60% - 3:33
2 - 35% - 40% - 1:53
PK3 Forward
1 - 0% - 60%
2 - 0% - 40%
PK3 Defense
1 - 0% - 60%
2 - 0% - 40%
44 Forward
1 - 0% - 60%
2 - 0% - 40%
44 Defense
1 - 0% - 60%
2 - 0% - 40%
Last Minute Offensive - 0:00
Last Minute Defensive - 0:00
Total
Forward - 60:00
Defense - 60:00
|
Play-by-Play
1st period
0:01 of 1st period - Jonathan Marchessault wins face-off versus Colton Sissons in neutral zone.
0:58 of 1st period - Slapshot by Neal Pionk.
0:58 of 1st period - Shot Misses the Net.
1:00 of 1st period - Slapshot by Neal Pionk.
1:00 of 1st period - Shot Misses the Net.
1:58 of 1st period - Jonathan Racine is hit by Nick Ritchie.
1:59 of 1st period - Icing by Jonathan Racine.
2:00 of 1st period - Colton Sissons wins face-off versus Jared McCann in Eagles zone.
2:01 of 1st period - Snap shot by Nick Ritchie.
2:01 of 1st period - Shot Misses the Net.
2:11 of 1st period - Wrist shot by Nicholas Baptiste.
2:11 of 1st period - Stopped by Adin Hill without a rebound.
2:12 of 1st period - Logan Brown wins face-off versus Drake Caggiula in Eagles zone.
2:43 of 1st period - Slapshot by Jonathan Marchessault.
2:43 of 1st period - Shot Misses the Net.
2:45 of 1st period - Slapshot by Stefan Elliott.
2:45 of 1st period - Stopped by Malcolm Subban with a rebound.
2:47 of 1st period - Snap shot by Daniel Carr.
2:47 of 1st period - Shot Blocked by Haydn Fleury.
3:53 of 1st period - Jared McCann is hit by Colton Sissons and loses puck.
4:19 of 1st period - Snap shot by Linden Vey.
4:19 of 1st period - Stopped by Adin Hill with a rebound.
4:39 of 1st period - Snap shot by Aleksi Saarela.
4:39 of 1st period - Shot Hit the Post.
5:00 of 1st period - Off-side.
5:01 of 1st period - Colton Sissons wins face-off versus Jonathan Marchessault in neutral zone.
5:12 of 1st period - Snap shot by Nicholas Baptiste.
5:12 of 1st period - Shot Misses the Net.
5:58 of 1st period - Off-side.
5:59 of 1st period - Jonathan Marchessault wins face-off versus Colton Sissons in neutral zone.
6:24 of 1st period - Daniel Carr is hit by Jakob Forsbacka-Karlsson and loses puck.
6:31 of 1st period - Wrist shot by Jonathan Marchessault.
6:31 of 1st period - Stopped by Malcolm Subban without a rebound.
6:32 of 1st period - Colton Sissons wins face-off versus Jared McCann in Marlies zone.
7:31 of 1st period - Snap shot by Linden Vey.
7:31 of 1st period - Shot Misses the Net.
7:43 of 1st period - Wrist shot by Joseph Blandisi.
7:43 of 1st period - Stopped by Malcolm Subban with a rebound.
8:01 of 1st period - Wrist shot by Nicholas Baptiste.
8:01 of 1st period - Stopped by Adin Hill with a rebound.
8:03 of 1st period - Snap shot by Haydn Fleury.
8:03 of 1st period - Shot Misses the Net.
8:05 of 1st period - Slapshot by Colton Sissons.
8:05 of 1st period - Stopped by Adin Hill with a rebound.
8:07 of 1st period - Wrist shot by Nick Ritchie.
8:07 of 1st period - Shot Misses the Net.
8:09 of 1st period - Wrist shot by Nicholas Baptiste.
8:09 of 1st period - Shot Blocked by John Ramage.
9:08 of 1st period - Jared McCann is hit by Nick Ritchie and loses puck.
9:59 of 1st period - Icing by Tim Erixon.
10:00 of 1st period - Colton Sissons wins face-off versus Nick Cousins in Marlies zone.
10:21 of 1st period - Snap shot by Tomas Tatar.
10:21 of 1st period - Goal by Tomas Tatar - Eagles : 1 - Marlies : 0.
10:22 of 1st period - Zach Aston-Reese wins face-off versus Colton Sissons in neutral zone.
10:48 of 1st period - Linden Vey is hit by Nick Cousins and loses puck.
11:11 of 1st period - Haydn Fleury is hit by Drake Caggiula.
11:27 of 1st period - Haydn Fleury is hit by Jared McCann and loses puck.
11:58 of 1st period - Wrist shot by Linden Vey.
11:58 of 1st period - Stopped by Adin Hill with a rebound.
12:00 of 1st period - Wrist shot by Linden Vey.
12:00 of 1st period - Shot Misses the Net.
12:02 of 1st period - Slapshot by Haydn Fleury.
12:02 of 1st period - Shot Blocked by Jared McCann.
12:25 of 1st period - Johan Larsson is hit by Stefan Elliott and loses puck.
13:51 of 1st period - Snap shot by Johan Larsson.
13:51 of 1st period - Shot Blocked by Ryan Murphy.
14:09 of 1st period - Wrist shot by Aleksi Saarela.
14:09 of 1st period - Stopped by Adin Hill without a rebound.
14:10 of 1st period - Drake Caggiula wins face-off versus Aleksi Saarela in Eagles zone.
14:21 of 1st period - Wrist shot by Anthony Duclair.
14:21 of 1st period - Shot Misses the Net.
14:35 of 1st period - Snap shot by Nicholas Baptiste.
14:35 of 1st period - Stopped by Adin Hill with a rebound.
15:09 of 1st period - Wrist shot by Tyler Benson.
15:09 of 1st period - Stopped by Adin Hill with a rebound.
15:11 of 1st period - Wrist shot by Tyler Benson.
15:11 of 1st period - Stopped by Adin Hill with a rebound.
15:13 of 1st period - Snap shot by Tobias Lindberg.
15:13 of 1st period - Stopped by Adin Hill without a rebound.
15:14 of 1st period - Colton Sissons wins face-off versus Jonathan Marchessault in Eagles zone.
15:15 of 1st period - Snap shot by Nick Ritchie.
15:15 of 1st period - Stopped by Adin Hill without a rebound.
15:16 of 1st period - Jonathan Marchessault wins face-off versus Colton Sissons in Eagles zone.
16:01 of 1st period - Joseph Blandisi is hit by Mathieu Olivier and loses puck.
16:28 of 1st period - Tobias Lindberg is hit by Jonathan Marchessault and loses puck.
17:12 of 1st period - Backhand shot by Tyler Bertuzzi.
17:12 of 1st period - Stopped by Adin Hill with a rebound.
17:14 of 1st period - Slapshot by Lucas Carlsson.
17:14 of 1st period - Shot Blocked by Joseph Blandisi.
17:16 of 1st period - Snap shot by Tyler Bertuzzi.
17:16 of 1st period - Goal by Tyler Bertuzzi - Eagles : 1 - Marlies : 1.
17:17 of 1st period - Colton Sissons wins face-off versus Zach Aston-Reese in neutral zone.
17:22 of 1st period - Snap shot by Colton Sissons.
17:22 of 1st period - Stopped by Adin Hill without a rebound.
17:23 of 1st period - Zach Aston-Reese wins face-off versus Colton Sissons in Eagles zone.
17:27 of 1st period - Off-side.
17:28 of 1st period - Colton Sissons wins face-off versus Zach Aston-Reese in neutral zone.
18:02 of 1st period - Slapshot by Tyler Bertuzzi.
18:02 of 1st period - Stopped by Adin Hill without a rebound.
18:03 of 1st period - Drake Caggiula wins face-off versus Aleksi Saarela in Eagles zone.
18:12 of 1st period - Wrist shot by Aleksi Saarela.
18:12 of 1st period - Shot Misses the Net.
18:19 of 1st period - Icing by Drake Caggiula.
18:20 of 1st period - Colton Sissons wins face-off versus Drake Caggiula in Eagles zone.
18:31 of 1st period - Slapshot by Tomas Tatar.
18:31 of 1st period - Shot Blocked by Neal Pionk.
18:33 of 1st period - Snap shot by Connor Carrick.
18:33 of 1st period - Stopped by Malcolm Subban without a rebound.
18:34 of 1st period - Colton Sissons wins face-off versus Jonathan Marchessault in Marlies zone.
18:45 of 1st period - Snap shot by Jonathan Marchessault.
18:45 of 1st period - Goal by Jonathan Marchessault - Eagles : 2 - Marlies : 1.
18:46 of 1st period - Jonathan Marchessault wins face-off versus Colton Sissons in neutral zone.
19:38 of 1st period - Tim Erixon is hit by Joseph Blandisi and loses puck.
Goals for this period are 2 for Eagles vs 1 for Marlies.
Shots for this period are 6 for Eagles vs 15 for Marlies.
2nd period
0:01 of 2nd period - Colton Sissons wins face-off versus Zach Aston-Reese in neutral zone.
0:21 of 2nd period - Daniel Carr is hit by Nick Ritchie.
0:32 of 2nd period - Off-side.
0:33 of 2nd period - Jonathan Marchessault wins face-off versus Aleksi Saarela in neutral zone.
0:42 of 2nd period - Snap shot by Jonathan Marchessault.
0:42 of 2nd period - Shot Misses the Net.
0:58 of 2nd period - Mathieu Olivier is hit by Tomas Tatar and loses puck.
1:21 of 2nd period - Snap shot by Joseph Blandisi.
1:21 of 2nd period - Stopped by Malcolm Subban with a rebound.
1:36 of 2nd period - Minor Penalty to Colton Sissons for Holding.
1:37 of 2nd period - Jonathan Marchessault wins face-off versus Nicholas Baptiste in Marlies zone.
1:41 of 2nd period - Slapshot by Stefan Elliott.
1:41 of 2nd period - Stopped by Malcolm Subban without a rebound.
1:42 of 2nd period - Jonathan Marchessault wins face-off versus Nicholas Baptiste in Marlies zone.
1:45 of 2nd period - Snap shot by Jonathan Marchessault.
1:45 of 2nd period - Shot Blocked by Tim Erixon.
1:47 of 2nd period - Wrist shot by Daniel Carr.
1:47 of 2nd period - Shot Misses the Net.
1:49 of 2nd period - Slapshot by Daniel Carr.
1:49 of 2nd period - Stopped by Malcolm Subban with a rebound.
1:53 of 2nd period - Slapshot by Nick Cousins.
1:53 of 2nd period - Stopped by Malcolm Subban without a rebound.
1:54 of 2nd period - Jonathan Marchessault wins face-off versus Nicholas Baptiste in Marlies zone.
2:49 of 2nd period - Tomas Tatar is hit by Aleksi Saarela and loses puck.
3:00 of 2nd period - Snap shot by Tomas Tatar.
3:00 of 2nd period - Shot Misses the Net.
3:02 of 2nd period - Slapshot by Drake Caggiula.
3:02 of 2nd period - Shot Misses the Net.
3:04 of 2nd period - Slapshot by John Ramage.
3:04 of 2nd period - Goal by John Ramage - Eagles : 3 - Marlies : 1.
3:05 of 2nd period - Jonathan Marchessault wins face-off versus Aleksi Saarela in neutral zone.
3:12 of 2nd period - Snap shot by Nick Cousins.
3:12 of 2nd period - Shot Misses the Net.
4:25 of 2nd period - Minor Penalty to Xavier Ouellet for Holding.
4:26 of 2nd period - Daniel Carr wins face-off versus Colton Sissons in Eagles zone.
5:56 of 2nd period - Colton Sissons is hit by Jonathan Marchessault and loses puck.
6:25 of 2nd period - Penalty to Xavier Ouellet is over, Xavier Ouellet is back on ice.
6:25 of 2nd period - Snap shot by Stefan Elliott.
6:25 of 2nd period - Stopped by Malcolm Subban without a rebound.
6:26 of 2nd period - Aleksi Saarela wins face-off versus Jared McCann in Marlies zone.
6:26 of 2nd period - Aleksi Saarela is hit by Zach Aston-Reese.
6:57 of 2nd period - Minor Penalty to Drake Caggiula for Holding.
6:58 of 2nd period - Colton Sissons wins face-off versus Daniel Carr in Eagles zone.
7:25 of 2nd period - Icing by Tyler Bertuzzi.
7:26 of 2nd period - Daniel Carr wins face-off versus Aleksi Saarela in Marlies zone.
7:29 of 2nd period - Wrist shot by Tomas Tatar.
7:29 of 2nd period - Shot Blocked by Tim Erixon.
7:35 of 2nd period - Tomas Tatar is hit by Tim Erixon and loses puck.
8:02 of 2nd period - Slapshot by Neal Pionk.
8:02 of 2nd period - Stopped by Adin Hill without a rebound.
8:03 of 2nd period - Daniel Carr wins face-off versus Colton Sissons in Eagles zone.
8:16 of 2nd period - Snap shot by Nick Ritchie.
8:16 of 2nd period - Goal by Nick Ritchie - Eagles : 3 - Marlies : 2.
8:17 of 2nd period - Colton Sissons wins face-off versus Jonathan Marchessault in neutral zone.
8:26 of 2nd period - Snap shot by Daniel Carr.
8:26 of 2nd period - Shot Blocked by Haydn Fleury.
8:28 of 2nd period - Minor Penalty to Nicholas Baptiste for Hooking.
8:29 of 2nd period - Jonathan Marchessault wins face-off versus Colton Sissons in Marlies zone.
8:36 of 2nd period - Slapshot by Jonathan Marchessault.
8:36 of 2nd period - Stopped by Malcolm Subban without a rebound.
8:37 of 2nd period - Jonathan Marchessault wins face-off versus Colton Sissons in Marlies zone.
9:07 of 2nd period - Icing by Jonathan Marchessault.
9:08 of 2nd period - Aleksi Saarela wins face-off versus Nick Cousins in Eagles zone.
9:09 of 2nd period - Slapshot by Neal Pionk.
9:09 of 2nd period - Deflect By Tyler Bertuzzi.
9:09 of 2nd period - Stopped by Adin Hill without a rebound.
9:10 of 2nd period - Drake Caggiula wins face-off versus Aleksi Saarela in Eagles zone.
9:32 of 2nd period - Brett Pesce is hit by Stefan Elliott and loses puck.
9:39 of 2nd period - Slapshot by Jonathan Marchessault.
9:39 of 2nd period - Stopped by Malcolm Subban without a rebound.
9:40 of 2nd period - Jonathan Marchessault wins face-off versus Colton Sissons in Marlies zone.
9:55 of 2nd period - Snap shot by Jonathan Marchessault.
9:55 of 2nd period - Stopped by Malcolm Subban with a rebound.
10:09 of 2nd period - Wrist shot by Tomas Tatar.
10:09 of 2nd period - Shot Misses the Net.
10:11 of 2nd period - Snap shot by Tomas Tatar.
10:11 of 2nd period - Shot Misses the Net.
10:13 of 2nd period - Slapshot by Connor Carrick.
10:13 of 2nd period - Shot Misses the Net.
10:15 of 2nd period - Snap shot by Drake Caggiula.
10:15 of 2nd period - Stopped by Malcolm Subban with a rebound.
10:28 of 2nd period - Penalty to Nicholas Baptiste is over, Nicholas Baptiste is back on ice.
10:53 of 2nd period - Slapshot by Logan Brown.
10:53 of 2nd period - Stopped by Adin Hill with a rebound.
11:54 of 2nd period - Ryan Murphy is hit by Brett Pesce and loses puck.
12:13 of 2nd period - Icing by Lucas Carlsson.
12:14 of 2nd period - Anthony Duclair wins face-off versus Jakob Forsbacka-Karlsson in Marlies zone.
12:37 of 2nd period - Snap shot by John Ramage.
12:37 of 2nd period - Shot Blocked by Jakob Forsbacka-Karlsson.
12:40 of 2nd period - Icing by Jeff Corbett.
12:41 of 2nd period - Jakob Forsbacka-Karlsson wins face-off versus Drake Caggiula in Marlies zone.
12:48 of 2nd period - Slapshot by Jeff Corbett.
12:48 of 2nd period - Deflect By Tomas Tatar.
12:48 of 2nd period - Stopped by Adin Hill with a rebound.
13:08 of 2nd period - Snap shot by Nick Cousins.
13:08 of 2nd period - Shot Blocked by Nick Ritchie.
13:38 of 2nd period - Snap shot by Aleksi Saarela.
13:38 of 2nd period - Stopped by Adin Hill with a rebound.
14:09 of 2nd period - Stefan Elliott is hit by Brett Pesce and loses puck.
14:12 of 2nd period - Slapshot by Stefan Elliott.
14:12 of 2nd period - Shot Blocked by Brett Pesce.
14:14 of 2nd period - Snap shot by Daniel Carr.
14:14 of 2nd period - Shot Blocked by Brett Pesce.
17:06 of 2nd period - Snap shot by Colton Sissons.
17:06 of 2nd period - Shot Misses the Net.
17:20 of 2nd period - Wrist shot by Tyler Benson.
17:20 of 2nd period - Shot Misses the Net.
17:22 of 2nd period - Snap shot by Jakob Forsbacka-Karlsson.
17:22 of 2nd period - Stopped by Adin Hill without a rebound.
17:23 of 2nd period - Jared McCann wins face-off versus Jakob Forsbacka-Karlsson in Eagles zone.
17:23 of 2nd period - Jared McCann is hit by Tobias Lindberg.
17:44 of 2nd period - Icing by Neal Pionk.
17:45 of 2nd period - Jakob Forsbacka-Karlsson wins face-off versus Jonathan Marchessault in Marlies zone.
18:02 of 2nd period - Snap shot by Tyler Benson.
18:02 of 2nd period - Shot Blocked by Daniel Carr.
18:04 of 2nd period - Slapshot by Haydn Fleury.
18:04 of 2nd period - Stopped by Adin Hill without a rebound.
18:05 of 2nd period - Colton Sissons wins face-off versus Drake Caggiula in Eagles zone.
18:32 of 2nd period - Linden Vey is hit by John Ramage and loses puck.
19:35 of 2nd period - Snap shot by Colton Sissons.
19:35 of 2nd period - Stopped by Adin Hill without a rebound.
19:36 of 2nd period - Colton Sissons wins face-off versus Jared McCann in Eagles zone.
19:47 of 2nd period - Wrist shot by Stefan Elliott.
19:47 of 2nd period - Stopped by Malcolm Subban with a rebound.
19:49 of 2nd period - Backhand shot by John Ramage.
19:49 of 2nd period - Goal by John Ramage - Eagles : 4 - Marlies : 2.
19:49 of 2nd period - Charlie Lindgren enters game.
19:50 of 2nd period - Jonathan Marchessault wins face-off versus Colton Sissons in neutral zone.
19:52 of 2nd period - Off-side.
19:53 of 2nd period - Colton Sissons wins face-off versus Jonathan Marchessault in neutral zone.
Goals for this period are 2 for Eagles vs 1 for Marlies.
Shots for this period are 12 for Eagles vs 9 for Marlies.
3rd period
0:01 of 3rd period - Colton Sissons wins face-off versus Jonathan Marchessault in neutral zone.
0:14 of 3rd period - Wrist shot by Colton Sissons.
0:14 of 3rd period - Shot Misses the Net.
0:16 of 3rd period - Snap shot by Neal Pionk.
0:16 of 3rd period - Stopped by Adin Hill without a rebound.
0:17 of 3rd period - Aleksi Saarela wins face-off versus Drake Caggiula in Eagles zone.
0:18 of 3rd period - Snap shot by Linden Vey.
0:18 of 3rd period - Stopped by Adin Hill with a rebound.
0:20 of 3rd period - Wrist shot by Aleksi Saarela.
0:20 of 3rd period - Stopped by Adin Hill with a rebound.
0:22 of 3rd period - Slapshot by Tyler Bertuzzi.
0:22 of 3rd period - Stopped by Adin Hill without a rebound.
0:23 of 3rd period - Aleksi Saarela wins face-off versus Drake Caggiula in Eagles zone.
0:29 of 3rd period - Icing by Tomas Tatar.
0:30 of 3rd period - Nick Ritchie wins face-off versus Drake Caggiula in Eagles zone.
1:23 of 3rd period - Snap shot by Joseph Blandisi.
1:23 of 3rd period - Shot Misses the Net.
1:41 of 3rd period - Slapshot by Brett Pesce.
1:41 of 3rd period - Shot Misses the Net.
1:43 of 3rd period - Snap shot by Tyler Benson.
1:43 of 3rd period - Shot Misses the Net.
1:45 of 3rd period - Slapshot by Tim Erixon.
1:45 of 3rd period - Shot Misses the Net.
1:47 of 3rd period - Wrist shot by Tyler Benson.
1:47 of 3rd period - Shot Misses the Net.
1:49 of 3rd period - Snap shot by Jakob Forsbacka-Karlsson.
1:49 of 3rd period - Shot Blocked by Connor Carrick.
2:08 of 3rd period - Snap shot by Nick Ritchie.
2:08 of 3rd period - Stopped by Adin Hill with a rebound.
4:22 of 3rd period - Slapshot by Haydn Fleury.
4:22 of 3rd period - Deflect By Johan Larsson.
4:22 of 3rd period - Stopped by Adin Hill with a rebound.
4:24 of 3rd period - Wrist shot by Johan Larsson.
4:24 of 3rd period - Stopped by Adin Hill with a rebound.
4:26 of 3rd period - Slapshot by Johan Larsson.
4:26 of 3rd period - Shot Misses the Net.
4:28 of 3rd period - Slapshot by Haydn Fleury.
4:28 of 3rd period - Stopped by Adin Hill without a rebound.
4:29 of 3rd period - Colton Sissons wins face-off versus Jared McCann in Eagles zone.
4:34 of 3rd period - Snap shot by Nick Ritchie.
4:34 of 3rd period - Shot Blocked by Zach Aston-Reese.
5:26 of 3rd period - Icing by Daniel Carr.
5:27 of 3rd period - Jonathan Marchessault wins face-off versus Colton Sissons in Eagles zone.
5:35 of 3rd period - Slapshot by Connor Carrick.
5:35 of 3rd period - Shot Blocked by Lucas Carlsson.
5:37 of 3rd period - Slapshot by Ryan Murphy.
5:37 of 3rd period - Stopped by Charlie Lindgren with a rebound.
5:39 of 3rd period - Snap shot by Daniel Carr.
5:39 of 3rd period - Shot Misses the Net.
5:41 of 3rd period - Wrist shot by Nick Cousins.
5:41 of 3rd period - Shot Misses the Net.
5:43 of 3rd period - Snap shot by Daniel Carr.
5:43 of 3rd period - Shot Misses the Net.
5:45 of 3rd period - Snap shot by Jonathan Marchessault.
5:45 of 3rd period - Shot Misses the Net.
5:47 of 3rd period - Slapshot by Nick Cousins.
5:47 of 3rd period - Stopped by Charlie Lindgren without a rebound.
5:48 of 3rd period - Tomas Tatar wins face-off versus Aleksi Saarela in Marlies zone.
5:57 of 3rd period - Wrist shot by Linden Vey.
5:57 of 3rd period - Stopped by Adin Hill with a rebound.
6:15 of 3rd period - Nick Cousins is hit by Colton Sissons and loses puck.
6:38 of 3rd period - Snap shot by Johan Larsson.
6:38 of 3rd period - Stopped by Adin Hill without a rebound.
6:39 of 3rd period - Drake Caggiula wins face-off versus Logan Brown in Eagles zone.
6:49 of 3rd period - Minor Penalty to Connor Carrick for High sticking.
6:50 of 3rd period - Colton Sissons wins face-off versus Daniel Carr in Eagles zone.
7:27 of 3rd period - Slapshot by Neal Pionk.
7:27 of 3rd period - Shot Misses the Net.
7:29 of 3rd period - Slapshot by Nicholas Baptiste.
7:29 of 3rd period - Stopped by Adin Hill with a rebound.
7:31 of 3rd period - Wrist shot by Aleksi Saarela.
7:31 of 3rd period - Deflect By Tyler Bertuzzi.
7:31 of 3rd period - Stopped by Adin Hill with a rebound.
8:49 of 3rd period - Penalty to Connor Carrick is over, Connor Carrick is back on ice.
9:25 of 3rd period - Snap shot by Tyler Benson.
9:25 of 3rd period - Shot Misses the Net.
9:27 of 3rd period - Snap shot by Jakob Forsbacka-Karlsson.
9:27 of 3rd period - Shot Blocked by Keaton Middleton.
9:29 of 3rd period - Slapshot by Lucas Carlsson.
9:29 of 3rd period - Shot Blocked by Jonathan Marchessault.
10:21 of 3rd period - Xavier Ouellet is hit by Mathieu Olivier.
11:21 of 3rd period - Snap shot by Tyler Benson.
11:21 of 3rd period - Shot Misses the Net.
11:23 of 3rd period - Slapshot by Jakob Forsbacka-Karlsson.
11:23 of 3rd period - Shot Blocked by Daniel Carr.
12:09 of 3rd period - Keaton Middleton is hit by Logan Brown and loses puck.
12:20 of 3rd period - Max Lajoie is hit by Colton Sissons.
12:36 of 3rd period - Anthony Duclair is hit by Aleksi Saarela and loses puck.
13:18 of 3rd period - Jared McCann is hit by Logan Brown and loses puck.
13:33 of 3rd period - Tomas Tatar is hit by Neal Pionk and loses puck.
13:57 of 3rd period - Zach Aston-Reese is hit by Aleksi Saarela and loses puck.
14:33 of 3rd period - Off-side.
14:34 of 3rd period - Logan Brown wins face-off versus Drake Caggiula in neutral zone.
15:19 of 3rd period - Wrist shot by Tobias Lindberg.
15:19 of 3rd period - Stopped by Adin Hill without a rebound.
15:20 of 3rd period - Jakob Forsbacka-Karlsson wins face-off versus Tyler Motte in Eagles zone.
15:23 of 3rd period - Wrist shot by Tobias Lindberg.
15:23 of 3rd period - Stopped by Adin Hill without a rebound.
15:24 of 3rd period - Tyler Motte wins face-off versus Jakob Forsbacka-Karlsson in Eagles zone.
15:37 of 3rd period - Snap shot by Tyler Benson.
15:37 of 3rd period - Shot Blocked by Tyler Motte.
15:59 of 3rd period - Wrist shot by Tyler Benson.
15:59 of 3rd period - Stopped by Adin Hill without a rebound.
16:00 of 3rd period - Colton Sissons wins face-off versus Jonathan Marchessault in Eagles zone.
16:45 of 3rd period - Icing by Connor Carrick.
16:46 of 3rd period - Aleksi Saarela wins face-off versus Drake Caggiula in Eagles zone.
16:59 of 3rd period - Snap shot by Tyler Bertuzzi.
16:59 of 3rd period - Stopped by Adin Hill with a rebound.
17:50 of 3rd period - Wrist shot by Tomas Tatar.
17:50 of 3rd period - Stopped by Charlie Lindgren without a rebound.
17:51 of 3rd period - Anthony Duclair wins face-off versus Aleksi Saarela in Marlies zone.
17:52 of 3rd period - Wrist shot by Tomas Tatar.
17:52 of 3rd period - Goal by Tomas Tatar - Eagles : 5 - Marlies : 2.
17:53 of 3rd period - Jonathan Marchessault wins face-off versus Nick Ritchie in neutral zone.
17:57 of 3rd period - Minor Penalty to Nicholas Baptiste for Holding.
17:58 of 3rd period - Colton Sissons wins face-off versus Jonathan Marchessault in Marlies zone.
19:57 of 3rd period - Penalty to Nicholas Baptiste is over, Nicholas Baptiste is back on ice.
Goals for this period are 1 for Eagles vs 0 for Marlies.
Shots for this period are 4 for Eagles vs 16 for Marlies.